 Dungeon Crawl Stone Soup version 0.21-a0-88-g13b9641 (webtiles) character file.

71 grisnicke the Vexing (level 4, -1/32 HPs)
             Began as a Vampire Arcane Marksman on June 27, 2017.
             Slain by a quokka (4 damage)
             ... on level 2 of the Dungeon.
             The game lasted 00:04:48 (1509 turns).

grisnicke the Vexing (Vampire Arcane Marksman)      Turns: 1509, Time: 00:04:48

Health: -1/32      AC:  2    Str: 10    XL:     4   Next: 5%
Magic:  5/5        EV: 12    Int: 15    God:
Gold:   106        SH:  0    Dex: 14    Spells: 2/5 levels left

rFire    . . .     SeeInvis +   b - +0 short sword
rCold    . . .     Gourm    .   (no shield)
rNeg     + . .     Faith    .   f - +0 robe
rPois    .         Spirit   .   (no helmet)
rElec    .         Reflect  .   (no cloak)
rCorr    .         Harm     .   (no gloves)
MR       .....                  (no boots)
Stlth    ++........             (no amulet)
HPRegen  0.10/turn              (no ring)
MPRegen  0.09/turn              (no ring)

@: no status effects
A: fangs 3, see invisible, unbreathing
a: Bat Form


You were on level 2 of the Dungeon.
You were not thirsty.

You visited 1 branch of the dungeon, and saw 2 of its levels.

You collected 106 gold pieces.

Inventory:

Hand Weapons
 a - a +0 hand crossbow
 b - a +0 short sword (weapon)
   (You took it off a kobold on level 1 of the Dungeon)
Missiles
 d - 25 bolts
 i - 55 stones (quivered)
Armour
 f - a +0 robe (worn)
 g - a +0 leather armour
   (You found it on level 1 of the Dungeon)
Scrolls
 j - 2 scrolls of enchant weapon {unknown}
 k - a scroll of fog {unknown}
 m - a scroll of recharging {unknown}
 n - a scroll of blinking {unknown}
Potions
 e - 5 potions of blood {@q1}
 h - a potion of flight {unknown}
 l - 3 potions of curing {unknown}
Books
 c - a book of Debilitation


   Skills:
 + Level 1.2 Fighting
 - Level 1.5 Crossbows
 - Level 2.1 Dodging
 - Level 3.2 Stealth
 - Level 1.0 Spellcasting
 + Level 6.1 Hexes


You had 2 spell levels left.
You knew the following spells:

 Your Spells              Type           Power        Failure   Level  Hunger
s - Slow                  Hex            ###.....     3%          2    ###....
v - Corona                Hex            ###....      1%          1    ##.....


Dungeon Overview and Level Annotations

Branches:
Dungeon (2/15)

Altars:


Innate Abilities, Weirdness & Mutations

You have razor-sharp teeth.
You have supernaturally acute eyesight. (SInv)
You can survive without breathing.


Message History

You shoot a bolt. The bolt hits the gnoll.
The gnoll barely misses you.
Aim: a gnoll, wielding a club (moderately wounded)
You shoot a bolt. The bolt hits the gnoll.
The gnoll hits you with a club.
You take 5 damage, and have 11/26 hp.
Aim: a gnoll, wielding a club (heavily wounded)
You shoot a bolt. The bolt closely misses the gnoll.
The gnoll hits you with a club.
You take 3 damage, and have 8/26 hp.
Aim: a gnoll, wielding a club (heavily wounded)
You shoot a bolt. The bolt hits the gnoll.
The gnoll closely misses you. The gnoll hits you with a club.
* * * LOW HITPOINT WARNING * * *
You take 6 damage, and have 2/26 hp.
MASSIVE DAMAGE!!
You turn into a vampire bat.
Your +0 hand crossbow melds into your body.
Your +0 robe melds into your body.
The gnoll misses you.
You now have 2/4 mp.
You see here a club.
You see here a gnoll skeleton.
Your transformation has ended.
Your +0 hand crossbow unmelds from your body.
Your +0 robe unmelds from your body.
Aim: a gnoll, wielding a club (severely wounded)
You shoot a bolt. The bolt hits the gnoll.
Aim: a gnoll, wielding a club (severely wounded)
You shoot a bolt. The bolt hits the gnoll.
You kill the gnoll!
You have reached level 4!
You start resting.
You are feeling very thirsty.
You regained 2 hp, and now have 5/32 hp.
MP restored: 5 Yummy - fresh blood!
Yummy - fresh blood!
Yummy - fresh blood!
Yummy - fresh blood!
You see here a gnoll skeleton.
d - 25 bolts (gained 1)
Things that are here:
a club x2
You start resting.
A rat comes into view.
You start resting.
A quokka comes into view.
b - a +0 short sword (weapon)
You see here a gnoll skeleton.
You don't know that spell.
Unknown command.
You don't know that spell.
Aim: a quokka (chance to defeat MR: 73%)
The quokka is outlined in light.
You now have 4/5 mp.
The quokka misses you.
You see here a gnoll skeleton.
You hit the quokka. The quokka closely misses you.
You hit the quokka but do no damage. The quokka bites you.
* * * LOW HITPOINT WARNING * * *
The quokka barely misses you.
You take 4 damage, and have 5/32 hp.
You hit the quokka.
You kill the quokka!
You see here a quokka corpse.
You bottle the corpse's blood.
e - 5 potions of blood {@q1} (gained 1)
You start resting.
A quokka comes into view.
You regained 9 hp, and now have 15/32 hp.
MP restored: 5
Aim: a quokka (hasn't noticed you)
You throw a stone.
The stone hits the quokka but does no damage.
Aim: a quokka You throw a stone.
The stone barely misses the quokka.
Aim: a quokka You throw a stone.
The stone hits the quokka but does no damage.
Aim: a quokka You throw a stone.
The stone hits the quokka but does no damage.
Aim: a quokka You throw a stone.
The stone hits the quokka but does no damage.
The quokka bites you.
You take 5 damage, and have 10/32 hp.
You closely miss the quokka. The quokka bites you.
* * * LOW HITPOINT WARNING * * *
You take 1 damage, and have 9/32 hp.
You closely miss the quokka. You bite the quokka. The quokka bites you.
* * * LOW HITPOINT WARNING * * *
The quokka bites you.
* * * LOW HITPOINT WARNING * * *
You take 4 damage, and have 5/32 hp.
You hit the quokka but do no damage. Your bite misses the quokka.
The quokka bites you.
* * * LOW HITPOINT WARNING * * *
You take 2 damage, and have 3/32 hp.
You hit the quokka. You bite the quokka, but do no damage.
The quokka bites you.
You die...

#..r.##.###
#.<.(##.#
#....#.)#
#....#.#
#####(.#
#(## #(#
#r# ####
#@# ...
#.#..#
#.#.#
##...#
##...##
#.<..#
#..### #..#
#..#


You could see a quokka.

Vanquished Creatures
  4 gnolls (D:2)
  2 oozes (D:1)
  A dart slug (D:1)
  4 hobgoblins
  3 jackals (D:1)
  3 kobolds (D:1)
  A quokka (D:2)
  A ball python (D:1)
  2 bats (D:1)
  4 rats (D:1)
25 creatures vanquished.

Notes
Turn   | Place    | Note
-------+----------+-------------------------------------------
     0 | D:1      | grisnicke the Vampire Arcane Marksman began the quest for the Orb.
     0 | D:1      | Reached XP level 1. HP: 14/14 MP: 2/2
     3 | D:1      | Noticed an electric eel
     3 | D:1      | Noticed an electric eel
    98 | D:1      | Reached skill level 1 in Stealth
   313 | D:1      | Reached XP level 2. HP: 19/20 MP: 3/3
   381 | D:1      | Reached skill level 5 in Hexes
   433 | D:1      | Reached skill level 2 in Stealth
  1176 | D:1      | Reached XP level 3. HP: 25/25 MP: 4/4
  1236 | D:2      | Reached skill level 3 in Stealth
  1244 | D:2      | Learned a level 2 spell: Slow
  1288 | D:2      | Reached skill level 1 in Fighting
  1288 | D:2      | Reached skill level 6 in Hexes
  1303 | D:2      | HP: 2/26 [gnoll/club (6)]
  1318 | D:2      | Reached XP level 4. HP: 3/32 MP: 2/5
  1403 | D:2      | HP: 5/32 [quokka (4)]
  1507 | D:2      | HP: 8/32 [quokka (1)]
  1508 | D:2      | HP: 3/32 [quokka (2)]
  1509 | D:2      | Slain by a quokka

Vault maps used:
D:1:      arrival_aquarium_b, serial_park_tiny_1, supply_closet_lemuel
D:2:      uniq_terence, uniq_crazy_yiuf_cottage

Skill      XL: |  1  2  3 |
---------------+----------+-----
Stealth        | 1 2 3 |  3.2
Hexes          | 5 6 |  6.1
Fighting       | 1 |  1.2
Crossbows      | |  1.5
Dodging        | |  2.1
Spellcasting   | |  1.0

Action                   |  1- 3 |  4- 6 || total
-------------------------+-------+-------++-------
Melee: Short sword       |    31 |     7 ||    38
       Bite              |     7 |     2 ||     9
 Fire: Hand crossbow     |    43 |       ||    43
Throw: Stone             |       |     5 ||     5
 Cast: Corona            |     2 |     1 ||     3
 Abil: End Transformatio |     1 |       ||     1
       Bat Form          |     1 |       ||     1
  Use: Potion            |       |     4 ||     4
 Stab: Sleeping          |     3 |       ||     3
Armor: Robe              |     4 |       ||     4
Dodge: Dodged            |    29 |     3 ||    32

Vault maps used:
D:1:      arrival_aquarium_b, serial_park_tiny_1, supply_closet_lemuel
D:2:      uniq_terence, uniq_crazy_yiuf_cottage

Table legend:
 A = Turns spent in this place as a percentage of turns spent in the entire game.
 B = Non-inter-level travel turns spent in this place as a percentage of non-inter-level travel turns spent in the entire game.
 C = Inter-level travel turns spent in this place as a percentage of turns spent in this place.
 D = Turns resting spent in this place as a percentage of non-inter-level travel turns spent in this place.
 E = Turns spent auto-exploring this place as a percentage of non-inter-level travel turns spent in this place.
 F = Non-inter-level travel turns spent in this place divided by the number of levels of this place that you've seen.
                   A       B       C       D       E      F
               +-------+-------+-------+-------+-------+----------------------
         Total | 100.0 | 100.0 |   0.6 |   5.4 |   5.1 | 165.5
       Dungeon | 100.0 | 100.0 |   0.6 |   5.4 |   5.1 | 165.5
               +-------+-------+-------+-------+-------+----------------------

Table legend:
 A = Kills in this place as a percentage of kills in entire the game.
 B = Kills by you in this place as a percentage of kills by you in the entire game.
 C = Kills by friends in this place as a percentage of kills by friends in the entire game.
 D = Other kills in this place as a percentage of other kills in the entire game.
 E = Experience gained in this place as a percentage of experience gained in the entire game.
 F = Experience gained in this place divided by the number of levels of this place that you have seen.
                   A       B       C       D       E      F
               +-------+-------+-------+-------+-------+----------------------
         Total | 100.0 | 100.0 |  -nan |  -nan | 100.0 |  51.0
       Dungeon | 100.0 | 100.0 |  -nan |  -nan | 100.0 |  51.0
               +-------+-------+-------+-------+-------+----------------------
